 Dungeon Crawl Stone Soup version 0.23.0 (webtiles) character file.

Game seed: 15409646200944238193

28 Esekla the Slasher (level 3, 0/27 HPs)
             Began as a Vampire Warper on Feb 17, 2019.
             Slain by a leopard gecko (3 damage)
             ... on level 1 of the Dungeon.
             The game lasted 00:05:03 (618 turns).

Esekla the Slasher (Vampire Warper)                  Turns: 618, Time: 00:05:03

Health: 0/27       AC:  3    Str: 10    XL:     3   Next: 0%
Magic:  4/6        EV: 12    Int: 15    God:
Gold:   25         SH:  0    Dex: 14    Spells: 2/6 levels left

rFire    . . .     SeeInvis +   a - +0 falchion
rCold    . . .     Gourm    .   (no shield)
rNeg     + . .     Faith    .   b - +0 leather armour
rPois    .         Spirit   .   (no helmet)
rElec    .         Reflect  .   (no cloak)
rCorr    .         Harm     .   (no gloves)
MR       .....                  (no boots)
Stlth    +.........             (no amulet)
HPRegen  0.09/turn              (no ring)
MPRegen  0.10/turn              (no ring)

@: no status effects
A: rotting body, fangs 3, see invisible, unbreathing
a: Bat Form


You were on level 1 of the Dungeon.
You were not thirsty.

You visited 1 branch of the dungeon, and saw 1 of its levels.

You collected 25 gold pieces.

Inventory:

Hand Weapons
 a - a +0 falchion (weapon)
Missiles
 e - 5 tomahawks of dispersal (quivered)
Armour
 b - a +0 leather armour (worn)
Scrolls
 c - 2 scrolls of remove curse {unknown}
 d - a scroll of blinking
Potions
 f - 5 potions of blood
 g - a potion of curing {unknown}


   Skills:
 - Level 2.0 Fighting
 * Level 2.6 Long Blades
 - Level 0.7 Throwing
 - Level 1.2 Armour
 + Level 2.4 Dodging
 + Level 2.0 Spellcasting
 * Level 0.2 Charms
 + Level 2.4 Translocations


You had 2 spell levels left.
You knew the following spells:

 Your Spells              Type           Power        Failure   Level  Hunger
a - Shroud of Golubria    Chrm/Tloc      #.........   26%         2    ###....
b - Blink                 Tloc           N/A          16%         2    ###....

Your spell library contained the following spells:

 Spells                   Type           Power        Failure   Level  Hunger
 Gell's Gravitas          Tloc           #.........   30%         3    ###....
 Lesser Beckoning         Tloc           #.........   30%         3    ###....
 Teleport Other           Tloc           #.......     30%         3    ###....
 Passage of Golubria      Tloc           N/A          71%         4    #####..


Dungeon Overview and Level Annotations

Branches:
Dungeon (1/15)

Altars:


Innate Abilities, Weirdness & Mutations

Your body is rotting away.
You thrive on raw meat.
You have razor-sharp teeth.
You have supernaturally acute eyesight. (SInv)
You can survive without breathing.


Message History

Cast which spell? (? or * to list)
You blink.
The hobgoblin barely misses you.
You hit the hobgoblin.
You kill the hobgoblin!
You have reached level 3!
Your experience leads to an increase in your attributes!
Increase (S)trength, (I)ntelligence, or (D)exterity?
You feel agile.
You can now transform into a vampire bat.
The leopard gecko bites you.
* * * LOW HITPOINT WARNING * * *
You miss the leopard gecko.
The leopard gecko is severely wounded.
The leopard gecko misses you. The leopard gecko closely misses you.
You miss the leopard gecko.
The leopard gecko is heavily wounded.
The leopard gecko misses you. The leopard gecko bites you.
You die...

......##..... #.#
##### ......(...#
#.# # ......##.##
#.####### #...#.# #
#........
#####.######
######### #.......#
#..####.#
#..####.########
#..##.).....l@.#
..##..##.#.######.#
### ## .......#.#.#
.# #.# ..
#.#........# .# #.#
.........### .# #.#
#!#.#.#### .. #.#
....#.# .# #.# ###
#.###.#
.#######.#####8# ..
#+# #<..........(.


You could see a leopard gecko.

Vanquished Creatures
  A dart slug (D:1)
  A ball python (D:1)
  A giant cockroach (D:1)
  7 hobgoblins (D:1)
  5 bats (D:1)
  A frilled lizard (D:1)
  4 goblins (D:1)
  A kobold (D:1)
  2 rats (D:1)
23 creatures vanquished.

Notes
Turn   | Place    | Note
-------+----------+-------------------------------------------
     0 | D:1      | Esekla the Vampire Warper began the quest for the Orb.
     0 | D:1      | Reached XP level 1. HP: 16/16 MP: 3/3
    26 | D:1      | Reached skill level 1 in Armour
   153 | D:1      | Reached XP level 2. HP: 20/22 MP: 5/5
   370 | D:1      | Learned a level 2 spell: Shroud of Golubria
   373 | D:1      | Learned a level 2 spell: Blink
   610 | D:1      | Reached XP level 3. HP: 7/27 MP: 3/6
   618 | D:1      | Slain by a leopard gecko

Skill      XL: |  1  2 |
---------------+-------+-----
Armour         | 1 |  1.2
Fighting       | 2 |  2.0
Long Blades    | |  2.6
Throwing       | |  0.7
Dodging        | |  2.4
Spellcasting   | |  2.0
Charms         | |  0.2
Translocations | |  2.4

Action                   || total
-------------------------++-------
Melee: Falchion          ||    66
       Bite              ||     8
 Cast: Blink             ||     1
Armor: Leather armour    ||    20
Dodge: Dodged            ||    55
       Rpst.: Falchion   ||    15
